 Dungeon Crawl Stone Soup version 0.20.1-1-g8b1a95d (webtiles) character file.

1087 nightchill the Grappler (level 8, 0/61 HPs)
             Began as a Ghoul Warper on Dec 24, 2017.
             Was an Initiate of Okawaru.
             Slain by Sigmund
             ... wielding a +0 scythe
              (4 damage)
             ... on level 5 of the Dungeon.
             The game lasted 00:22:14 (4555 turns).

nightchill the Grappler (Ghoul Warper)              Turns: 4555, Time: 00:22:15

Health: 0/61       AC:  9    Str: 16    XL:     8   Next: 30%
Magic:  9/9        EV:  7    Int:  9    God:    Okawaru [......]
Gold:   228        SH:  0    Dex:  8    Spells: 10/10 levels left

rFire    + . .     SeeInvis .     - Unarmed
rCold    + . .     Gourm    .   (no shield)
rNeg     + + +     Faith    .   B - +0 chain mail
rPois    ∞         Spirit   .   (no helmet)
rElec    .         Reflect  .   t - +0 cloak
rCorr    .         Harm     .   (no gloves)
MR       .....                  (no boots)
Stlth    ..........             (no amulet)
Regen    0.0/turn               x - ring of protection from fire
MPRegen  0.2/turn               (no ring)

@: flying, rotting
A: rotting body, claws 1, carnivore 3, cold resistance 1, negative energy
resistance 3, inhibited regeneration, torment resistance, unbreathing
a: Renounce Religion


You were on level 5 of the Dungeon.
You worshipped Okawaru.
Okawaru was noncommittal.
You were not hungry.

You visited 2 branches of the dungeon, and saw 8 of its levels.

You collected 228 gold pieces.

Inventory:

Hand Weapons
 j - a +0 shortbow
Missiles
 d - 5 tomahawks of dispersal
 i - 29 stones (quivered)
 m - 11 javelins
 o - 39 poisoned needles
 w - 4 tomahawks
 C - 23 arrows
 E - a throwing net
 G - 6 javelins of penetration
Armour
 a - a +0 leather armour
 t - a +0 cloak (worn)
 y - a +0 ring mail
 B - a +0 chain mail (worn)
 F - a +0 large shield
Jewellery
 x - a ring of protection from fire (left claw)
Wands
 D - a wand of lightning (8/15)
Scrolls
 c - a scroll of enchant weapon
 g - 3 scrolls of identify
 n - 2 scrolls of amnesia {unknown}
 r - 2 scrolls of teleportation {unknown}
 s - a scroll of fear
Potions
 e - 2 potions of mutation {unknown}
 h - 3 potions of heal wounds {unknown}
 k - a potion of lignification {unknown}
 p - 4 potions of cancellation
 q - 5 potions of might
 u - a potion of invisibility {unknown}
 v - 4 potions of agility
 z - 2 potions of curing {unknown}
 A - 2 potions of flight
Books
 b - a book of Spatial Translocations

   Spells                             Type                      Level
   a - Blink                          Translocation                2
   b - Shroud of Golubria             Charms/Translocation         2
   c - Lesser Beckoning               Translocation                3
   d - Gell's Gravitas                Translocation                3
   e - Teleport Other                 Translocation                3
   f - Passage of Golubria            Translocation                4
Comestibles
 f - 3 meat rations
 l - 4 royal jellies


   Skills:
 - Level 2.1 Fighting
 - Level 0.8 Throwing
 - Level 0.8 Armour
 - Level 1.7 Dodging
 + Level 10.5 Unarmed Combat
 - Level 1.7 Spellcasting
   Level 2.6 Translocations


You had 10 spell levels left.
You didn't know any spells.

Dungeon Overview and Level Annotations

Branches:
Dungeon (7/15)             Temple (1/1) D:7

Altars:
Ashenzari
Dithmenos
Elyvilon
Fedhas
Gozag
Hepliaklqana
Kikubaaqudgha
Makhleb
Nemelex Xobeh
Okawaru
Qazlal
Ru
Sif Muna
Trog
Uskayaw
Vehumet
Xom
Yredelemnul
Zin
The Shining One

Shops:
D:5 [

Annotations:
D:2 Jessica
D:5 Sigmund


Innate Abilities, Weirdness & Mutations

Your body is rotting away.
You thrive on raw meat.
You are immune to poison.
You have sharp fingernails.
You are carnivorous and can eat meat at any time.
Your flesh is cold resistant. (rC+)
You are immune to negative energy. (rN+++)
You do not regenerate when monsters are visible.
You are immune to unholy pain and torment.
You can survive without breathing.


Message History

Eat a chunk of flesh? (ye/n/q)
You eat the chunk of flesh.
This raw flesh tastes great!
You eat one of the 4 meat rations.
That meat ration really hit the spot!
You hear some strange, mumbled words.
Something tries to affect you, but you resist.
Something hits you!
* * * LOW HITPOINT WARNING * * *
Things that are here:
a dagger; a robe; an orc corpse Something hits you.
* * * LOW HITPOINT WARNING * * *
Things that are here:
a dagger of venom; a robe; an orc corpse
Things that are here:
a dagger; a robe; an orc corpse
Okay, then.
It was a potion of flight.
You feel very buoyant.
You fly up into the air.
Something hits you.
You die...

.###.................,,*
.#.o................#***
................o..#*
.#.#......>.#...#*,*
.#.#...##...#...#*,*
........#...#...#*,*
............#..###,*
...............{)#,*
...............#@#,*
.###.#...#..#..#.#,*
.#...#.........#.#,*
.#.###........##.#,*
.#...............#,*
.#.###.#.#.....###,*
....[..........# *,*
##.#####.#.##..#**,******
##.# #..............,,*


There were no monsters in sight!

Vanquished Creatures
  A sky beast (D:6)
  A phantom (D:6)
  An ogre (D:5)
  A centaur (D:6)
  A bullfrog (D:6)
  A wight (D:7)
  A howler monkey (D:6)
  A jelly (D:5)
  A hound (D:7)
  A centaur skeleton (D:5)
  A gnoll shaman (D:7)
  6 orc wizards
  3 worker ants
  A killer bee zombie (D:6)
  Robin (D:3)
  4 adders
  6 gnolls
  A shadow imp (D:6)
  An ooze (D:1)
  2 worms
  4 dart slugs
  4 leopard geckos
  9 orcs
  8 bats
  5 giant cockroaches
  13 goblins
  10 hobgoblins
  5 jackals
  5 kobolds
  3 quokkas
  3 ball pythons
  2 frilled lizards
  2 jackal skeletons (D:5)
  A leopard gecko skeleton (D:6)
  7 rats
117 creatures vanquished.

Notes
Turn   | Place    | Note
-------+----------+-------------------------------------------
     0 | D:1      | nightchill the Ghoul Warper began the quest for the Orb.
     0 | D:1      | Reached XP level 1. HP: 17/17 MP: 2/2
   111 | D:1      | Reached skill level 3 in Unarmed Combat
   111 | D:1      | Reached XP level 2. HP: 15/24 MP: 3/3
   281 | D:1      | Reached XP level 3. HP: 21/29 MP: 4/4
   502 | D:2      | Reached skill level 4 in Unarmed Combat
   597 | D:2      | HP: 1/29 [worm (11)]
  1012 | D:2      | Found an opulent altar of Gozag.
  1128 | D:2      | Reached XP level 4. HP: 32/36 MP: 5/5
  1191 | D:2      | Noticed Jessica
  1610 | D:3      | Noticed Robin
  1620 | D:3      | Killed Robin
  1620 | D:3      | Reached skill level 5 in Unarmed Combat
  1811 | D:3      | Reached XP level 5. HP: 39/41 MP: 6/6
  2220 | D:3      | Reached skill level 6 in Unarmed Combat
  2449 | D:5      | Entered Level 5 of the Dungeon
  2525 | D:5      | Found a hide-covered altar of Uskayaw.
  2525 | D:5      | Found an iron altar of Okawaru.
  2530 | D:5      | Found a shattered altar of Ashenzari.
  2532 | D:5      | Found a faded altar of an unknown god.
  2533 | D:5      | Found a white marble altar of Elyvilon.
  2610 | D:5      | Found Kena's Antique Armour Shop.
  2735 | D:6      | Reached XP level 6. HP: 47/48 MP: 7/7
  2777 | D:6      | Noticed a sky beast
  2796 | D:6      | Reached skill level 7 in Unarmed Combat
  2814 | D:6      | Killed a sky beast
  2974 | D:6      | Reached skill level 8 in Unarmed Combat
  2974 | D:6      | Reached XP level 7. HP: 45/55 MP: 8/8
  3255 | D:6      | Found a sacrificial altar of Ru.
  3276 | D:6      | Reached skill level 9 in Unarmed Combat
  3365 | D:5      | Noticed Sigmund
  3905 | D:7      | Reached XP level 8. HP: 45/61 MP: 9/9
  4259 | D:7      | Found a staircase to the Ecumenical Temple.
  4270 | Temple   | Entered the Ecumenical Temple
  4429 | D:5      | Reached skill level 10 in Unarmed Combat
  4469 | D:5      | Became a worshipper of Warmaster Okawaru
  4555 | D:5      | Slain by Sigmund

Skill      XL: |  1  2  3  4  5  6  7  8 |
---------------+-------------------------+-----
Unarmed Combat | 3 4 5 6 8 9 10 | 10.5
Fighting       | |  2.1
Throwing       | |  0.8
Armour         | |  0.8
Dodging        | |  1.7
Spellcasting   | |  1.7
Translocations | |  2.6

Action                   |  1- 3 |  4- 6 |  7- 9 || total
-------------------------+-------+-------+-------++-------
Melee: Unarmed           |   138 |   200 |   165 ||   503
       Punch             |     1 |     3 |     5 ||     9
Throw: Stone             |       |     1 |       ||     1
  Use: Scroll            |       |    10 |     1 ||    11
       Potion            |       |       |     1 ||     1
  Eat: Chunk             |    18 |    20 |    18 ||    56
       Meat ration       |       |       |     1 ||     1
Armor: Leather armour    |    40 |    30 |       ||    70
       Chain mail        |       |    36 |    67 ||   103
       Ring mail         |       |     4 |       ||     4
Dodge: Dodged            |    89 |    74 |    54 ||   217
